 Dungeon Crawl Stone Soup version 0.27.1-2-g3b301248ec (webtiles) character file.

Game seed: 11226579031204744323

100 loralnil the Insei (level 4, 0/28 HPs)
             Began as an Octopode Transmuter on Oct 4, 2021.
             Slain by a dart slug (1 damage)
             ... on level 3 of the Dungeon.
             The game lasted 00:03:10 (2462 turns).

loralnil the Insei (Octopode Transmuter)            Turns: 2462, Time: 00:03:10

Health: 0/28       AC:  1    Str:  9    XL:     4   Next: 73%
Magic:  7/7        EV: 13    Int: 15    God:
Gold:   57         SH:  0    Dex: 13    Spells: 1/7 levels left

rFire    . . .     SeeInvis .     - Unarmed
rCold    . . .     Faith    .   (no shield)
rNeg     . . .     Spirit   .   (helmet currently unavailable)
rPois    .         Reflect  .   (no amulet)
rElec    .         Harm     .   (no ring)
rCorr    .         Rampage  .   (no ring)
Will     .....                  (no ring)
Stlth    ++........             (no ring)
HPRegen  0.09/turn              (no ring)
MPRegen  0.10/turn              (no ring)
                                (no ring)
                                (no ring)

@: appendages (expiring)
A: tentacle spike 3, almost no armour, amphibious, 8 rings, camouflage 1,
gelatinous body 1, (nimble swimmer 1), tentacles
a: End Transformation


You were on level 3 of the Dungeon.
One of your tentacles had grown a beastly spike.
You visited 1 branch of the dungeon, and saw 3 of its levels.

You collected 57 gold pieces.

Inventory:

Scrolls
 d - 2 scrolls of silence {unknown}
 f - a scroll of noise {unknown}
 h - a scroll of brand weapon {unknown}
 i - a scroll of teleportation {unknown}
Potions
 a - 2 potions of lignification
 b - 2 potions of mutation {unknown}
 c - a potion of magic {unknown}
 e - a potion of curing {unknown}
 g - a potion of resistance {unknown}


   Skills:
 - Level 1.0 Fighting
 - Level 2.0 Dodging
 * Level 4.5 Unarmed Combat
 - Level 2.0 Spellcasting
 + Level 3.0 Transmutations
 + Level 1.0 Poison Magic


You had one spell level left.
You knew the following spells:

 Your Spells              Type           Power      Damage    Failure   Level
a - Beastly Appendage     Tmut           20%        N/A       6%          1
b - Wereblood             Tmut           10%        N/A       10%         2
c - Spider Form           Tmut/Pois      3%         N/A       28%         3

Your spell library contained the following spells:

 Spells                   Type           Power      Damage    Failure   Level
 Magic Dart               Conj           4%         1d3       22%         1
 Call Imp                 Summ           1%         N/A       32%         2
 Mephitic Cloud           Conj/Pois/Air  2%         N/A       50%         3
 Ice Form                 Ice/Tmut       6%         N/A       75%         4


Dungeon Overview and Level Annotations

Branches:
Dungeon (3/15)

Altars:


Innate Abilities, Weirdness & Mutations

One of your tentacles has grown a beastly spike.
You cannot wear most types of armour.
You are amphibious.
You can wear up to eight rings at the same time.
Your skin changes colour to match your surroundings (Stealth+).
Your rubbery body absorbs attacks. (AC +1, EV +1)
((You are camouflaged near water. (Stealth+)))
You have tentacles for arms and can constrict up to eight enemies at once.


Message History

You tentacle-slap the gnoll. You grab the gnoll.
The gnoll is moderately wounded.
You constrict the gnoll. You tentacle-slap the gnoll.
You pierce the gnoll.
The gnoll is severely wounded.
You constrict the gnoll, but do no damage.
The gnoll barely misses you.
You barely miss the gnoll.
You pierce the gnoll.
You kill the gnoll!
You tentacle-slap the gnoll. Your grab misses the gnoll.
You pierce the gnoll, but do no damage.
The gnoll is moderately wounded.
The gnoll misses you.
You completely miss the gnoll. You grab the gnoll.
The gnoll is moderately wounded.
You constrict the gnoll, but do no damage.
The gnoll misses you.
You tentacle-slap the gnoll.
You pierce the gnoll, but do no damage.
The gnoll is heavily wounded.
You constrict the gnoll. The gnoll hits you with a +0 flail!
* * * LOW HITPOINT WARNING * * *
You tentacle-slap the gnoll.
You kill the gnoll!
Your Transmutations skill increases to level 3!
You tentacle-slap the gnoll but do no damage.
You grab the gnoll. You squeeze the gnoll.
The gnoll is lightly wounded.
Your transformation is almost over.
You constrict the gnoll. The gnoll hits you with a +0 flail.
* * * LOW HITPOINT WARNING * * *
You tentacle-slap the gnoll.
You pierce the gnoll.
You tentacle-slap the gnoll.
You kill the gnoll!
Your Poison Magic skill increases to level 1!
The dart slug closely misses you.
Items here: ( ))) †††.
You tentacle-slap the dart slug. You grab the dart slug.
You pierce the dart slug.
The dart slug is heavily wounded.
You constrict the dart slug. The dart slug bites you.
You die...

#.## #........##. ...#
#.<....#....
#..###..........## ####
##...##.#....#...# .....
#.........#### #.##.....
##)....## #.#......
##..#..###..# #........
...##.## ##..#####.#......
#####.######....@w........
...^.........#.##†###.....
....##########>.#.# ...
##### ##...## . .## ##...#
..## #.#.# ...########
#.#..# ..........# ##.##.#
..........# #..# ..


You could see a dart slug.

Vanquished Creatures
  3 gnolls (D:3)
  2 adders (D:2)
  A worm (D:2)
  2 dart slugs
  5 ball pythons
  3 endoplasms
  A giant cockroach (D:1)
  4 goblins
  2 hobgoblins (D:2)
  4 jackals (D:2)
  A quokka (D:1)
  8 bats
  4 frilled lizards (D:2)
  5 kobolds
  2 rats
47 creatures vanquished.

Notes
Turn   | Place    | Note
-------+----------+-------------------------------------------
     0 | D:1      | loralnil the Octopode Transmuter began the quest for the
                  | Orb.
     0 | D:1      | Reached XP level 1. HP: 13/13 MP: 3/3
   346 | D:1      | Reached XP level 2. HP: 10/18 MP: 5/5
  1031 | D:1      | Found a faded altar of an unknown god.
  1396 | D:2      | Reached XP level 3. HP: 22/23 MP: 4/6
  1577 | D:2      | Reached skill level 4 in Unarmed Combat
  1813 | D:2      | Reached XP level 4. HP: 27/28 MP: 7/7
  1820 | D:2      | Learned a level 2 spell: Wereblood
  1824 | D:2      | Learned a level 3 spell: Spider Form
  2459 | D:3      | HP: 1/28 [gnoll (4)]
  2461 | D:3      | Reached skill level 1 in Poison Magic
  2462 | D:3      | Slain by a dart slug

Illustrated notes

Levels and vault maps discovered:
D:1:      minmay_arrival_four_circles, layout_loops_ring, basic_ecumenical_altar
D:2:      layout_basic
D:3:      layout_rooms

Skill      XL: |  1  2  3  4 |
---------------+-------------+-----
Unarmed Combat | 4 |  4.5
Transmutations | 3 |  3.0
Poison Magic   | 1 |  1.0
Fighting       | |  1.0
Dodging        | |  2.0
Spellcasting   | |  2.0

Action                   |  1- 3 |  4- 6 || total
-------------------------+-------+-------++-------
Melee: Unarmed           |    74 |    32 ||   106
       Kick              |    20 |    12 ||    32
       Punch             |     3 |     1 ||     4
       Constrict         |    18 |     8 ||    26
       Tentacles         |    12 |     1 ||    13
 Cast: Beastly Appendage |    22 |     9 ||    31
  Use: Scroll            |     1 |       ||     1
 Stab: Sleeping          |     3 |     2 ||     5
Armor: Skin              |     9 |     2 ||    11
Dodge: Dodged            |    42 |    13 ||    55
